 Dungeon Crawl Stone Soup version 0.17.1-3-g152610e (webtiles) character file.

4454 Gargoyl the Protected (level 10, -7/77 HPs)
             Began as a Demonspawn Abyssal Knight on Apr 25, 2016.
             Was a High Priest of Lugonu.
             Mangled by an orc warrior
             ... wielding a +0 dire flail
              (22 damage)
             ... on level 8 of the Dungeon.
             The game lasted 00:24:58 (10125 turns).

Gargoyl the Protected (Demonspawn Abyssal Knight)  Turns: 10125, Time: 00:24:59

Health: -7/77      AC: 15    Str: 23 (24) XL:     10   Next: 15%
Magic:  12/12      EV:  6    Int: 12 (13) God:    Lugonu [*****.]
Gold:   113        SH:  9    Dex:  9 (10) Spells: 0 memorised, 9 levels left

rFire  . . .     SeeInvis .     g - +3 broad axe (freeze)
rCold  . . .     Clarity  .     r - +0 plate armour
rNeg   . . .     SustAt   .     z - +0 shield
rPois  +         Gourm    .     (helmet restricted)
rElec  .         Spirit   .     w - +2 cloak
rCorr  .         Warding  .     n - +0 pair of gloves
rMut   .         Stasis   .     (no boots)
MR     .....                    (no amulet)
Stlth  ..........               s - ring of poison resistance
                                m - ring of stealth

@: mighty, not resistant to hostile enchantments, extremely unstealthy
A: horns 2, talons 1, thin metallic scales 1, clumsy 1, deformed body,
deterioration 1, powered by pain 2, strong 1
a: Depart the Abyss, Bend Space, Banish, Corrupt, Enter the Abyss, Renounce
Religion


You were on level 8 of the Dungeon.
You worshipped Lugonu.
Lugonu was extremely pleased with you.
You were not hungry.

You visited 1 branch of the dungeon, and saw 8 of its levels.
You visited the Abyss 1 time.

You collected 373 gold pieces.
You spent 260 gold pieces at shops.

Inventory:

Hand Weapons
 g - a +3 broad axe of freezing (weapon)
 i - a +0 flail
 t - a +2 spear of piercing
Missiles
 j - 3 poisoned javelins (quivered)
Armour
 n - a +0 pair of gloves (worn)
 r - a +0 plate armour (worn)
 w - a +2 cloak (worn)
 z - a +0 shield (worn)
Jewellery
 m - a ring of stealth (left hand)
 s - a ring of poison resistance (right hand)
Wands
 y - a wand of fireball (12)
Scrolls
 d - 2 scrolls of fog
 h - a scroll of magic mapping
 l - 5 scrolls of identify
 q - a scroll of teleportation
 B - a scroll of recharging
 C - a scroll of remove curse
Potions
 a - 2 potions of lignification
 e - 3 potions of brilliance
 f - a potion of resistance
 o - 2 potions of curing
 u - a potion of beneficial mutation {unknown}
 v - a potion of haste
 A - 3 potions of agility
 E - a potion of might
Books
 x - a book of Fire

   Spells                             Type                      Level
   a - Ignite Poison                  Fire/Transmutation/Poison    3
   b - Fireball                       Conjuration/Fire             5
   c - Bolt of Fire                   Conjuration/Fire             6
   d - Delayed Fireball               Conjuration/Fire             7
   e - Ring of Flames                 Charms/Fire                  7
Comestibles
 b - 4 beef jerkies
 c - 5 bread rations
 k - 2 meat rations
 p - a slice of pizza
 D - 2 chunks of flesh


   Skills:
 + Level 6.6 Fighting
 + Level 6.2 Axes
 + Level 1.6 Throwing
 * Level 8.6 Armour
 + Level 5.3 Dodging
 + Level 2.2 Stealth
 + Level 2.6 Shields
 + Level 3.0 Invocations


You had 9 spell levels left.
You didn't know any spells.

Dungeon Overview and Level Annotations

Branches:
Dungeon (8/15)             Temple (0/1) D:7
   Lair: D:8-11

Altars:
Ashenzari
Dithmenos
Kikubaaqudgha
Makhleb
Okawaru
Ru
Sif Muna
Vehumet
Xom
Yredelemnul
Zin
The Shining One

Shops:
D:4 %   D:7 ?


Innate Abilities, Weirdness & Mutations

You have a pair of horns on your head.
You are partially covered in thin metallic scales (AC +2).
You sometimes gain power by taking damage.
You have sharp toenails.
You are clumsy. (Dex -2)
Armour fits poorly on your strangely shaped body.
Your body sometimes deteriorates upon taking damage.
Your muscles are strong. (Str +2)


Message History

The orc warrior shouts!
The orc priest shouts!
An orc comes into view.
The orc priest casts a cantrip, but nothing happens.
Found 11 steel sling bullets.
The orc warrior barely misses you.
The orc priest calls down the wrath of Beogh upon you.
Something smites you!
* * * LOW HITPOINT WARNING * * *
You completely miss the orc warrior.
You headbutt the orc warrior, but do no damage.
The orc warrior barely misses you.
You hit the orc warrior. You freeze the orc warrior.
Your headbutt misses the orc warrior.
The orc warrior is moderately wounded.
The orc warrior hits you but does no damage.
You closely miss the orc warrior. Your kick misses the orc warrior.
You headbutt the orc warrior, but do no damage.
The orc warrior is moderately wounded.
The orc warrior hits you with a dire flail!!
You die...

#.......# #.......#
#.......# #.......###
##### ##)).......#
.....##........#. #
#...........# ...
######)........####.....
.[..#...........@ooo.(..
#.†.#############.....
##..........# ...
#..#.......# .
##........)# ###.......#
#######.# . ###.# ....
#.#.#..#


You could see an orc warrior, an orc priest and an orc.

Vanquished Creatures
  Erica (D:8)
  The ghost of Gargoyl the Covered, a novice DsAK of Lugonu (D:5)
  Grinder (D:3)
  Sigmund (D:5)
  The ghost of smzp the Covert, an amateur SpAs of Fedhas (D:4)
  A hippogriff (D:7)
  A water moccasin (D:5)
  3 sky beasts
  An orc warrior (D:8)
  A necrophage (D:7)
  A centaur (D:6)
  6 ogres
  2 giant frogs (D:6)
  A gnoll sergeant (D:6)
  A wyvern zombie (D:7)
  2 scorpions
  A water moccasin skeleton (D:6)
  An electric eel (D:6)
  The ghost of GFox the Caller, a weakling DESu (D:3)
  A centaur zombie (D:7)
  A hound (D:7)
  A quasit (D:7)
  2 jellies
  Crazy Yiuf (D:3)
  5 orc priests
  A centaur skeleton (D:4)
  A giant frog skeleton (D:8)
  Terence (D:2)
  3 worker ants
  Natasha (thrice) (D:3)
  A gnoll shaman (D:7)
  3 iguanas
  8 orc wizards
  2 hound skeletons
  15 gnolls
  16 adders
  3 oozes
  An adder zombie (D:7)
  3 worms (D:3)
  9 giant geckos
  35 orcs
  2 ball pythons
  11 bats
  6 giant cockroaches
  12 goblins
  5 hobgoblins
  15 jackals
  16 kobolds
  A quokka (D:4)
  3 giant newts
  A jackal skeleton (D:8)
  A quokka zombie (D:7)
  9 rats
226 creatures vanquished.

Notes
Turn   | Place    | Note
--------------------------------------------------------------
     0 | Abyss:1  | Gargoyl the Demonspawn Abyssal Knight began the quest for the Orb.
     0 | Abyss:1  | Reached XP level 1. HP: 18/18 MP: 2/2
     0 | Abyss:1  | Found a corrupted altar of Lugonu.
   128 | Abyss:2  | Found a corrupted altar of Lugonu.
   148 | Abyss:2  | Found a corrupted altar of Lugonu.
   177 | Abyss:2  | Noticed a raiju
   178 | D:1      | Escaped the Abyss
   330 | D:1      | Reached skill level 1 in Dodging
   331 | D:1      | Reached * piety under Lugonu
   433 | D:1      | Gained mutation: You sometimes gain a little power by taking damage. [demonic ancestry]
   433 | D:1      | Reached XP level 2. HP: 17/24 MP: 4/4
  1299 | D:1      | Gained mutation: You have a pair of small horns on your head. [demonic ancestry]
  1299 | D:1      | Reached XP level 3. HP: 29/29 MP: 5/5
  2067 | D:2      | Found a shattered altar of Ashenzari.
  2200 | D:2      | Reached ** piety under Lugonu
  2236 | D:2      | Noticed Terence
  2246 | D:2      | Killed Terence
  2246 | D:2      | Gained mutation: You have a pair of horns on your head. [demonic ancestry]
  2246 | D:2      | Reached XP level 4. HP: 25/35 MP: 6/6
  2566 | D:2      | Found a glowing silver altar of Zin.
  2729 | D:2      | Found a burning altar of Makhleb.
  2731 | D:2      | Noticed a blizzard demon
  2735 | D:2      | Noticed a hellwing
  2735 | D:2      | Noticed a ynoxinul
  2770 | D:3      | Noticed Grinder
  2771 | D:3      | Paralysed by Grinder for 6 turns
  2819 | D:3      | Killed Grinder
  2819 | D:3      | Reached skill level 1 in Stealth
  2819 | D:3      | Gained mutation: You sometimes gain power by taking damage. [demonic ancestry]
  2819 | D:3      | Reached XP level 5. HP: 18/42 MP: 7/7
  2819 | D:3      | Reached XP level 6. HP: 20/48 MP: 8/8
  2867 | D:3      | Reached skill level 4 in Fighting
  3530 | D:3      | Noticed Natasha
  3544 | D:3      | Killed Natasha
  3727 | D:3      | Noticed Natasha
  3732 | D:3      | Killed Natasha
  3906 | D:3      | Noticed Crazy Yiuf
  3923 | D:3      | Killed Crazy Yiuf
  4151 | D:3      | Noticed GFox's ghost (weakling DESu)
  4184 | D:3      | Killed GFox's ghost
  4240 | D:3      | Found a faded altar to an unknown god.
  4244 | D:3      | Noticed Natasha
  4248 | D:3      | Killed Natasha
  4292 | D:3      | Reached XP level 7. HP: 42/54 MP: 9/9
  4296 | D:3      | Reached *** piety under Lugonu
  5050 | D:3      | Found a shimmering altar of Xom.
  5050 | D:3      | Found a basalt altar of Yredelemnul.
  5463 | D:4      | Found Weit Fio's Food Shop.
  5471 | D:4      | Reached skill level 1 in Throwing
  5483 | D:4      | Noticed smzp's ghost (amateur SpAs)
  5546 | D:4      | Killed smzp's ghost
  5546 | D:4      | Reached skill level 5 in Armour
  5723 | D:4      | Found a radiant altar of Vehumet.
  5816 | D:4      | Found a shadowy altar of Dithmenos.
  5830 | D:4      | Gained mutation: You are partially covered in thin metallic scales (AC +2). [demonic ancestry]
  5830 | D:4      | Reached XP level 8. HP: 59/61 MP: 10/10
  6141 | D:5      | Entered Level 5 of the Dungeon
  6186 | D:5      | Reached **** piety under Lugonu
  6202 | D:5      | Noticed Sigmund
  6215 | D:5      | Noticed Gargoyl's ghost (novice DsAK)
  6234 | D:5      | Killed Gargoyl's ghost
  6234 | D:5      | Reached skill level 5 in Fighting
  6239 | D:5      | Killed Sigmund
  6239 | D:5      | Reached skill level 6 in Armour
  6477 | D:5      | Gained mutation: You are weak. (Str -2) [mutagenic meat]
  6528 | D:5      | Gained mutation: Your body sometimes deteriorates upon taking damage. [potion of mutation]
  6528 | D:5      | Lost mutation: You are weak. (Str -2) [potion of mutation]
  6529 | D:5      | Gained mutation: You have sharp toenails. [potion of mutation]
  6529 | D:5      | Gained mutation: You regenerate slowly when monsters are visible. [potion of mutation]
  6529 | D:5      | Gained mutation: Your muscles are strong. (Str +2) [potion of mutation]
  6681 | D:5      | Reached skill level 5 in Dodging
  6690 | D:5      | Reached XP level 9. HP: 48/68 MP: 11/11
  6896 | D:5      | Found a deep blue altar of Sif Muna.
  7663 | D:6      | Found an ancient bone altar of Kikubaaqudgha.
  7731 | D:6      | Reached skill level 7 in Armour
  7864 | D:6      | Found a glowing golden altar of the Shining One.
  8206 | D:6      | Found a shadowy altar of Dithmenos.
  8580 | D:6      | Reached skill level 5 in Axes
  8793 | D:7      | Found a staircase to the Ecumenical Temple.
  8809 | D:7      | Reached ***** piety under Lugonu
  8810 | D:7      | Found Neegosib's Magic Scroll Boutique.
  8834 | D:7      | Bought a scroll of brand weapon for 260 gold pieces
  8853 | D:7      | Found a sacrificial altar of Ru.
  8956 | D:7      | Reached skill level 1 in Shields
  9159 | D:7      | Found an iron altar of Okawaru.
  9263 | D:7      | Reached skill level 8 in Armour
  9269 | D:7      | Gained mutation: You are clumsy. (Dex -2) [mutagenic meat]
  9270 | D:7      | Lost mutation: You regenerate slowly when monsters are visible. [mutagenic meat]
  9272 | D:7      | Gained mutation: Armour fits poorly on your strangely shaped body. [mutagenic meat]
 10079 | D:8      | Noticed Erica
 10088 | D:8      | Killed Erica
 10088 | D:8      | Reached XP level 10. HP: 32/77 MP: 12/12
 10125 | D:8      | Mangled by an orc warrior

Action                   |  1- 3 |  4- 6 |  7- 9 | 10-12 || total
-------------------------+-------+-------+-------+-------++-------
Melee: Broad axe         |   118 |   186 |   449 |     7 ||   760
Throw: Javelin           |     2 |    11 |    12 |       ||    25
Invok: Depart the Abyss  |     1 |       |       |       ||     1
  Use: Potion            |       |     8 |    10 |       ||    18
       Scroll            |       |     2 |    13 |       ||    15
 Stab: Invisible         |       |       |     1 |       ||     1
       Paralysed         |       |       |     1 |       ||     1
  Eat: Chunk             |     4 |     8 |    21 |       ||    33
       Pizza             |       |       |     2 |       ||     2
